 Dungeon Crawl Stone Soup version 0.28-a0-268-g3f656e82c2 (webtiles) character file.

Game seed: 2573157117313723994

254142 theanonym the Slayer (level 21, -7/171 HPs)
             Began as a Djinni Fire Elementalist on Aug 28, 2021.
             Was the Champion of Makhleb.
             Mangled by an alligator snapping turtle (36 damage)
             ... on level 3 of the Shoals.
             The game lasted 01:49:43 (44907 turns).

theanonym the Slayer (Djinni Fire Elementalist)    Turns: 44907, Time: 01:49:43

Health: -7/171     AC: 15    Str:  7    XL:     21   Next: 2%
Gold:   440        EV:  8    Int: 33    God:    Makhleb [******] SH:  0 Dex: 14

rFire   + + .      SeeInvis .   a - staff of air
rCold   . . .      Faith    .   c - +2 tower shield {AC+3}
rNeg    . . .      Spirit   .   o - +1 troll leather armour {Snorg}
rPois   ∞          Reflect  .   K - +1 hat {Will+}
rElec   +          Harm     .   L - +2 cloak {Stlth+}
rCorr   .          Rampage  .   T - +1 pair of gloves
Will    +++..                   (boots unavailable)
Stlth   +++.......              e - amulet of regeneration
HPRegen 2.38/turn               h - ring of protection from cold
MPRegen 0.00/turn               P - +6 ring of intelligence

@: about to teleport, flying, very slightly contaminated, held, invisible
A: sickness immunity, fire resistance 2, cold vulnerability 1, float, innate
caster, hp casting, extra vitality 1
}: 1/15 runes: serpentine
a: Renounce Religion, Minor Destruction, Lesser Servant of Makhleb, Major
Destruction, Greater Servant of Makhleb


Innate Abilities, Weirdness & Mutations

You are immune to sickness and miasma.
You are immune to poison.
Your flesh is very heat resistant. (rF++)
You are vulnerable to cold. (rC-)
You float through the air rather than walking.
You learn spells naturally, not from books.
Your magical power is your life essence.
You have superior vitality. (+4 HP)


   Skills:
 + Level 21.0 Fighting
 - Level 5.0 Armour
 - Level 10.0 Dodging
 - Level 1.5 Stealth
 + Level 20.4 Shields
 - Level 15.1 Spellcasting


You couldn't memorise any spells.
You knew the following spells:

 Your Spells              Type           Power      Damage    Failure   Level
a - Lightning Bolt        Conj/Air       56%        1d78      1%          5
b - Conjure Flame         Conj/Fire      90%        6-21      1%          3
c - Inner Flame           Hex/Fire       90%        N/A       1%          3
d - Sticky Flame          Conj/Fire      90%        2d10      1%          4
e - Summon Small Mammal   Summ           100%       N/A       0%          1
f - Fireball              Conj/Fire      45%        3d18      1%          5
g - Searing Ray           Conj           100%       3d7       0%          2
h - Slow                  Hex            90%        N/A       0%          2
i - Vampiric Draining     Necr           45%        2d12      1%          3
j - Iskenderun's Mystic   Conj/Tloc      90%        2d18      1%          4
k - Foxfire               Conj/Fire      100%       2x1d9     0%          1
l - Conjure Ball Lightni  Conj/Air       56%        3x3d20    1%          6
m - Storm Form            Tmut/Air       56%        N/A       8%          7
n - Invisibility          Hex            45%        N/A       1%          6
o - Dragon Form           Tmut           45%        N/A       8%          7
Your spell library was empty.

Skill      XL: |  1  2  3  4  5  6  7  8  9 10 11 12 13 14 15 16 17 18 19 20 |
---------------+-------------------------------------------------------------+-----
Fighting       | 1 2 3 4 6 8 9 12 14 16 17 18 19 21 | 21.0
Spellcasting   | 3 4 5 6 8 10 11 12 13 14 15 | 15.1
Shields        | 3 4 11 14 15 16 18 19 20 | 20.4
Armour         | 4 5 |  5.0
Dodging        | 4 8 10 | 10.0
Stealth        | |  1.5

Action                   |  1- 3 |  4- 6 |  7- 9 | 10-12 | 13-15 | 16-18 | 19-21 || total
-------------------------+-------+-------+-------+-------+-------+-------+-------++-------
Melee: Unarmed           |     2 |       |       |       |       |       |       ||     2
       Dagger            |       |     1 |    10 |     7 |       |       |       ||    18
       Spear             |       |       |       |       |     4 |     2 |       ||     6
       Mace              |       |       |       |       |       |     1 |       ||     1
       Staff             |       |       |       |       |       |     3 |    33 ||    36
 Cast: Foxfire           |    87 |   230 |   194 |     4 |     1 |     7 |     3 ||   526
       Sticky Flame      |       |     3 |     7 |    12 |    36 |    26 |    13 ||    97
       Fireball          |       |       |    41 |   259 |   403 |   339 |   300 ||  1342
       Searing Ray       |       |       |     2 |       |       |     2 |    49 ||    53
       Conjure Flame     |       |       |     1 |     5 |       |       |       ||     6
       Slow              |       |       |       |     2 |       |     2 |     1 ||     5
       Lightning Bolt    |       |       |       |       |    77 |   281 |   115 ||   473
       Iskenderun's Myst |       |       |       |       |     7 |    12 |     3 ||    22
       Inner Flame       |       |       |       |       |     6 |    28 |    37 ||    71
       Vampiric Draining |       |       |       |       |     4 |       |       ||     4
       Conjure Ball Ligh |       |       |       |       |     1 |     1 |     7 ||     9
       Invisibility      |       |       |       |       |       |       |     8 ||     8
Evoke: Wand              |       |       |     1 |     1 |     1 |       |     6 ||     9
  Use: Scroll            |       |       |    12 |    12 |     9 |    11 |     3 ||    47
       Potion            |       |       |       |     2 |       |     4 |     1 ||     7
 Stab: Distracted        |       |       |       |     1 |       |       |       ||     1
       Invisible         |       |       |       |       |       |       |     2 ||     2
Armor: Robe              |    10 |       |       |       |       |       |       ||    10
       Leather armour    |       |     6 |     6 |       |       |       |       ||    12
       Steam dragon scal |       |       |     3 |    10 |    33 |       |       ||    46
       Troll leather arm |       |       |       |       |     9 |    42 |    29 ||    80
Dodge: Dodged            |    22 |    18 |    15 |    21 |    47 |    62 |    68 ||   253
Block: Buckler           |       |       |    11 |    26 |     2 |       |       ||    39
       Other             |       |       |     4 |       |       |       |       ||     4
       Reflection        |       |       |     2 |    10 |       |       |       ||    12
       Kite shield       |       |       |       |       |    98 |    12 |       ||   110
       Tower shield      |       |       |       |       |       |   166 |   209 ||   375

Inventory:

Hand Weapons
 G - the +5 mace of Soathe {venom, rElec Dex+4}

   It poisons the flesh of those it strikes.
   Dex:       It affects your dexterity (+4).
   rElec:     It insulates you from electricity.
 O - the +5 spear of the Baking Shark {elec, Will- MP+9 Str+5}

   It occasionally discharges a powerful burst of electricity upon striking a
   foe.
   Str:       It affects your strength (+5).
   MP:        It affects your magic capacity (+9).
   Will:      It decreases your willpower.
Armour
 b - +0 steam dragon scales
 c - a +2 tower shield of protection (worn)
 o - a +1 troll leather armour (worn) {Snorg}
 D - a +2 kite shield of poison resistance
 K - a +1 hat of willpower (worn)
 L - a +2 cloak of stealth (worn)
 T - a +1 pair of gloves (worn)
Magical Staves
 a - a staff of air (weapon)
Jewellery
 e - an amulet of regeneration (around neck)
 g - a ring of wizardry
 h - a ring of protection from cold (left hand)
 E - a ring of resist corrosion
 H - a +4 ring of protection
 I - a ring of see invisible
 J - a ring of ice
 P - a +6 ring of intelligence (right hand)
Wands
 d - a wand of digging (3)
 m - a wand of iceblast (19)
 n - a wand of paralysis (15)
 s - a wand of flame (15)
 v - a wand of acid (5)
 F - a wand of mindburst (19)
 M - a wand of polymorph (6)
 R - a wand of charming (11)
Scrolls
 f - 6 scrolls of fog
 k - 7 scrolls of immolation
 l - 9 scrolls of noise
 r - 12 scrolls of identify
 t - 10 scrolls of teleportation
 y - 4 scrolls of magic mapping
 B - 2 scrolls of blinking
 N - a scroll of holy word
 Q - a scroll of acquirement
Potions
 i - a potion of brilliance
 j - 4 potions of mutation
 q - 9 potions of heal wounds
 u - 5 potions of resistance
 w - 13 potions of curing
 x - 3 potions of lignification
 z - 5 potions of invisibility
 C - 4 potions of cancellation


You were on level 3 of the Shoals.
You worshipped Makhleb.
Makhleb was exalted by your worship.
You visited 7 branches of the dungeon, and saw 33 of its levels.
You also visited: Sewer and Bailey.

You collected 2955 gold pieces.
You spent 2515 gold pieces at shops.

Dungeon Overview and Level Annotations

Branches:
Dungeon (15/15)            Temple (1/1) D:6            Lair (6/6) D:9
 Shoals (3/4) Lair:4        Snake (4/4) Lair:3        Slime (0/5) Lair:6
    Orc (2/2) D:9             Elf (2/3) Orc:2        Vaults (0/5) D:13
 Depths (0/5) D:15          Sewer (visited)          Bailey (visited)

Altars:
Ashenzari
Cheibriados
Dithmenos
Elyvilon
Fedhas
Gozag
Hepliaklqana
Kikubaaqudgha
Makhleb
Nemelex Xobeh
Okawaru
Qazlal
Ru
Sif Muna
Trog
Uskayaw
Vehumet
Wu Jian
Xom
Yredelemnul
Zin
The Shining One
Beogh

Shops:
D:5 :   Orc:2 [=*(   Elf:1 :!(   Snake:4 =

Portals:
Trove: D:14 (give 2 scrolls of acquirement)

..≈≈≈≈≈≈≈≈≈≈≈..
..≈m≈≈≈≈≈≈≈≈≈..#
#..m≈≈m§§§≈≈≈..#
#..≈≈≈≈≈§§§§§...
#..≈≈≈≈§§§§§§...
#P.≈≈≈≈≈≈†§§§..#
#..≈≈t..)§§§.#
#.P.≈)...§§≈.##
#.......@.≈≈≈..#
#.......§..≈≈...
#...#####..≈≈≈..
### ..≈≈≈..
.†≈≈≈.# .≈≈≈..#
.≈≈≈..# ≈≈≈≈≈≈.


You could see an alligator snapping turtle and 3 merfolk.

Notes
Turn   | Place    | Note
-------+----------+-------------------------------------------
     0 | D:1      | theanonym the Djinni Fire Elementalist began the quest for
                  | the Orb.
     0 | D:1      | Reached XP level 1. HP: 15/15 MP: 0/0
   256 | D:1      | Reached XP level 2. HP: 20/22 MP: 0/0
   883 | D:1      | Reached skill level 1 in Fighting
  1306 | D:1      | Reached XP level 3. HP: 24/27 MP: 0/0
  1306 | D:1      | Learned a level 1 spell: Summon Small Mammal
  1345 | D:1      | Reached skill level 3 in Spellcasting
  2206 | D:2      | Noticed Natasha
  2218 | D:2      | Killed Natasha
  2219 | D:2      | Reached XP level 4. HP: 19/33 MP: 0/0
  2803 | D:2      | Noticed Jessica
  2805 | D:2      | Killed Jessica
  2806 | D:2      | Reached skill level 2 in Fighting
  2885 | D:2      | Reached XP level 5. HP: 34/38 MP: 0/0
  2885 | D:2      | Learned a level 2 spell: Searing Ray
  3259 | D:2      | Found a faded altar of an unknown god.
  3447 | D:2      | Noticed Natasha
  3455 | D:2      | Killed Natasha
  3747 | D:2      | Found a faded altar of an unknown god.
  3761 | D:2      | Noticed Natasha
  3772 | D:2      | Killed Natasha
  3773 | D:2      | Reached skill level 4 in Spellcasting
  3916 | D:3      | Found a sparkling altar of Nemelex Xobeh.
  4294 | D:3      | Noticed Terence
  4297 | D:3      | Reached XP level 6. HP: 42/45 MP: 0/0
  4304 | D:3      | Killed Terence
  4380 | D:3      | Noticed Ijyb
  4881 | D:3      | Reached skill level 3 in Fighting
  5412 | D:3      | Killed Ijyb
  6190 | D:4      | Reached XP level 7. HP: 27/50 MP: 0/0
  6190 | D:4      | Learned a level 2 spell: Slow
  6452 | D:4      | Found a runed translucent gate.
  6453 | D:4      | Found a runed translucent gate.
  6460 | D:4      | Noticed PeterLawrence's ghost (amateur MiFi)
  6461 | D:4      | Found a runed translucent gate.
  6579 | D:4      | Reached skill level 5 in Spellcasting
  6583 | D:4      | Reached skill level 4 in Fighting
  6867 | D:4      | You are sucked into a shaft and drop 1 floor!
  6867 | D:5      | Entered Level 5 of the Dungeon
  7232 | D:5      | Reached XP level 8. HP: 53/58 MP: 0/0
  7290 | D:5      | Found Totax's Book Shoppe.
  7376 | D:5      | Noticed Blork the orc
  7394 | D:5      | HP: 26/58 [Blork the orc (4)]
  7624 | D:5      | Reached skill level 6 in Spellcasting
  7956 | D:5      | Noticed Blork
  7956 | D:5      | Blork the orc changed into Blork the howler monkey
  7959 | D:5      | Killed Blork the howler monkey
  8106 | D:5      | Found a stormy altar of Qazlal.
  8224 | D:6      | Found a glowing drain.
  8271 | Sewer    | Entered a sewer
  8511 | Sewer    | Reached skill level 1 in Shields
  8681 | Sewer    | Identified the +0 short sword "Geicets" {holy, rElec Int-2
                  | SInv}
  9035 | D:6      | Reached skill level 2 in Shields
  9286 | D:6      | Reached skill level 3 in Shields
  9444 | D:6      | Found a staircase to the Ecumenical Temple.
  9453 | Temple   | Entered the Ecumenical Temple
  9591 | Temple   | Became a worshipper of Makhleb the Destroyer
  9643 | D:6      | Reached XP level 9. HP: 60/64 MP: 0/0
  9643 | D:6      | Learned a level 3 spell: Vampiric Draining
  9972 | D:6      | Reached skill level 4 in Shields
  9972 | D:6      | Reached skill level 7 in Spellcasting
 10119 | D:6      | Reached skill level 5 in Fighting
 10740 | D:7      | Found a runed translucent door.
 10741 | D:7      | Noticed NigelTetley's ghost (novice MiFi)
 10844 | D:7      | Noticed Pikel
 10847 | D:7      | Killed Pikel
 10848 | D:7      | Reached skill level 6 in Fighting
 10848 | D:7      | Reached skill level 8 in Spellcasting
 10878 | D:7      | Noticed Maggie
 10884 | D:7      | Killed Maggie
 11159 | D:7      | Reached XP level 10. HP: 38/73 MP: 0/0
 11912 | D:7      | HP: 36/73 [NigelTetley's ghost (5)]
 11915 | D:7      | HP: 8/73 [NigelTetley's ghost (6)]
 11922 | D:7      | Killed NigelTetley's ghost
 11923 | D:7      | Reached skill level 7 in Fighting
 11923 | D:7      | Reached skill level 9 in Spellcasting
 12450 | D:8      | Reached * piety under Makhleb
 13612 | D:9      | HP: 15/76 [bullfrog (2)]
 13621 | D:9      | HP: 1/76 [bullfrog (4)]
 13922 | D:9      | Reached skill level 8 in Fighting
 13925 | D:9      | Reached skill level 10 in Spellcasting
 13925 | D:9      | Reached XP level 11. HP: 19/81 MP: 0/0
 13925 | D:9      | Learned a level 4 spell: Iskenderun's Mystic Blast
 14256 | D:9      | HP: 17/82 [wyvern (6)]
 14581 | D:9      | Reached skill level 9 in Fighting
 14583 | D:9      | Reached ** piety under Makhleb
 15069 | D:9      | Reached skill level 11 in Spellcasting
 15810 | D:9      | Found a staircase to the Orcish Mines.
 15843 | D:9      | Found a staircase to the Lair.
 15878 | D:9      | Found a glowing golden altar of the Shining One.
 15879 | D:9      | Found a white marble altar of Elyvilon.
 15882 | D:9      | Found a bloodstained altar of Trog.
 16568 | D:10     | Entered Level 10 of the Dungeon
 16654 | D:10     | Found a flagged portal.
 16682 | Bailey   | Entered a bailey
 16866 | Bailey   | Reached *** piety under Makhleb
 16926 | Bailey   | HP: 39/84 [orc warrior/bolt (8)]
 17737 | Bailey   | Noticed an orc knight
 17743 | Bailey   | Killed an orc knight
 17971 | Bailey   | Reached XP level 12. HP: 78/91 MP: 0/0
 18209 | D:10     | Noticed a tengu warrior
 18224 | D:10     | Killed a tengu warrior
 18225 | D:10     | Reached skill level 10 in Fighting
 18260 | D:10     | Noticed a tengu warrior
 18265 | D:10     | HP: 42/91 [tengu warrior (4)]
 18266 | D:10     | Killed a tengu warrior
 18602 | D:10     | Noticed a boulder beetle
 18613 | D:10     | Killed a boulder beetle
 18614 | D:10     | Reached skill level 12 in Spellcasting
 18858 | D:10     | Noticed a two-headed ogre
 18861 | D:10     | Killed a two-headed ogre
 18862 | D:10     | Reached skill level 11 in Fighting
 18975 | D:10     | Noticed a centaur warrior
 18975 | D:10     | Killed a centaur warrior
 18979 | D:10     | Noticed a two-headed ogre
 18979 | D:10     | Noticed a tengu warrior
 18984 | D:10     | HP: 34/94 [tengu warrior (22)]
 18987 | D:10     | HP: 10/94 [tengu warrior (19)]
 19506 | D:10     | Killed a tengu warrior
 19517 | D:10     | Killed a two-headed ogre
 19518 | D:10     | Reached skill level 12 in Fighting
 19673 | D:10     | Noticed Joseph
 19729 | D:10     | Killed Joseph
 19762 | D:10     | Reached XP level 13. HP: 68/102 MP: 0/0
 19762 | D:10     | Learned a level 5 spell: Lightning Bolt
 20203 | D:8      | Identified the +5 spear of the Baking Shark {elec, Will-
                  | MP+9 Str+5}
 20273 | Lair:1   | Entered Level 1 of the Lair of Beasts
 20511 | Lair:1   | Noticed a four-headed hydra
 20515 | Lair:1   | Killed a four-headed hydra
 20515 | Lair:1   | Reached **** piety under Makhleb
 20516 | Lair:1   | Reached skill level 5 in Shields
 20516 | Lair:1   | Reached skill level 13 in Spellcasting
 20535 | Lair:1   | Reached skill level 6 in Shields
 20961 | Lair:1   | Reached skill level 7 in Shields
 21378 | Lair:2   | Reached skill level 8 in Shields
 21458 | Lair:2   | Reached skill level 9 in Shields
 21517 | Lair:2   | Noticed an eight-headed hydra
 21521 | Lair:2   | Killed an eight-headed hydra
 21666 | Lair:2   | Reached skill level 10 in Shields
 22293 | Lair:3   | Reached skill level 11 in Shields
 22355 | Lair:3   | Reached XP level 14. HP: 107/108 MP: 0/0
 22357 | Lair:3   | Reached ***** piety under Makhleb
 22364 | Lair:3   | Reached skill level 12 in Shields
 22379 | Lair:3   | Found a staircase to the Snake Pit.
 22687 | Lair:3   | Reached skill level 13 in Shields
 22817 | Lair:3   | Reached skill level 14 in Spellcasting
 23063 | Lair:3   | HP: 52/108 [lindwurm (4)]
 23065 | Lair:3   | HP: 23/108 [lindwurm/blast of flame (5)]
 23667 | Lair:4   | Reached skill level 14 in Shields
 24133 | Lair:4   | Found a staircase to the Shoals.
 24518 | Lair:4   | HP: 50/108 [blink frog (9)]
 24889 | Lair:4   | Found a staircase to the Shoals.
 25296 | Lair:5   | HP: 48/108 [death yak (20)]
 25316 | Lair:4   | Reached XP level 15. HP: 45/113 MP: 0/0
 25316 | Lair:4   | Learned a level 6 spell: Conjure Ball Lightning
 25454 | Lair:5   | Reached skill level 15 in Shields
 26008 | Lair:5   | Noticed Sonja
 26012 | Lair:5   | Reached skill level 13 in Fighting
 26014 | Lair:5   | Killed Sonja
 26197 | Lair:5   | Identified the +7 halberd of the Chickpea {antimagic, rF+}
 26745 | Lair:6   | Entered Level 6 of the Lair of Beasts
 26758 | Lair:6   | Reached skill level 1 in Armour
 26812 | Lair:6   | Reached ****** piety under Makhleb
 26977 | Lair:6   | Reached skill level 2 in Armour
 26982 | Lair:6   | HP: 54/115 [swamp worm (13)]
 26985 | Lair:5   | HP: 22/115 [spore (11)]
 27047 | Lair:6   | Reached skill level 15 in Spellcasting
 27227 | Lair:6   | Reached skill level 3 in Armour
 27232 | Lair:6   | theanonym: ??mystic blast
 27232 | Lair:6   | beem: Iskenderun's mystic blast[1/3]: L4 Cj/TLoc. Damages
                  | and knocks back each enemy within 2 tiles of the player.
                  | Can miss. Knocks back monsters at least 2 tiles, scaling up
                  | with power.
 27232 | Lair:6   | theanonym: ??mystic blast -1
 27232 | Lair:6   | beem: I don't have a page labeled mystic_blast_-1 in my
                  | learndb.
 27232 | Lair:6   | theanonym: ??mystic blast [2
 27232 | Lair:6   | beem: Iskenderun's mystic blast[2/3]: Prior to 0.25: range
                  | 7, does a maximum of 2d22 damage but explodes with a 3/(2 +
                  | 2*distance) chance. The explosion is directed away from the
                  | caster, so don't worry about hurting yourself with it.
                  | Explosions are as loud as shouting. To-hit: 10+power/7.
 27232 | Lair:6   | theanonym: ??mystic blast [3
 27232 | Lair:6   | beem: Iskenderun's mystic blast[3/3]: "The following name
                  | [Iskenderun's Mystic Blast] was found in the hack.exe file
                  | of an early version of PCHACK - credit goes to its creator
                  | (whoever that may be):"
 27531 | Lair:6   | Reached skill level 3 in Dodging
 27536 | Lair:6   | Reached skill level 14 in Fighting
 27551 | Lair:6   | Reached skill level 4 in Armour
 27642 | Lair:6   | Found a staircase to the Slime Pits.
 28199 | D:4      | Killed PeterLawrence's ghost
 28339 | Orc:1    | Entered Level 1 of the Orcish Mines
 28357 | Orc:1    | Reached skill level 4 in Dodging
 28567 | Orc:2    | Entered Level 2 of the Orcish Mines
 28591 | Orc:2    | Reached XP level 16. HP: 104/124 MP: 0/0
 28611 | Orc:2    | Reached skill level 5 in Armour
 28613 | Orc:2    | Reached skill level 5 in Dodging
 28650 | Orc:2    | Found a staircase to the Elven Halls.
 28842 | Orc:2    | Reached skill level 15 in Fighting
 28908 | Orc:2    | Found Puist's Antique Armour Shop.
 29141 | Lair:6   | Identified the +6 rapier of Circular Logic {vamp, rF+
                  | Str+3}
 29329 | Orc:2    | Reached skill level 6 in Dodging
 29354 | Orc:2    | Bought a runed hat for 252 gold pieces
 29354 | Orc:2    | Bought a glowing cloak for 270 gold pieces
 29376 | Orc:2    | Bought a runed tower shield for 270 gold pieces
 29427 | Orc:2    | Found Mefi's Antique Weapon Boutique.
 29449 | Orc:2    | Bought a warped hunting sling for 240 gold pieces
 29449 | Orc:2    | Identified the +4 hunting sling of the Forest {freeze,
                  | rPois rF- SInv} (You bought it in a shop on level 2 of the
                  | Orcish Mines)
 29449 | Orc:2    | Bought a polished halberd for 333 gold pieces
 29449 | Orc:2    | Identified the +8 halberd "Rueh Rirph" {freeze, *Slow rPois
                  | Int+3 Dex+2} (You bought it in a shop on level 2 of the
                  | Orcish Mines)
 29486 | Orc:2    | Found Celixzo's General Store.
 29495 | Orc:2    | Bought a potion of resistance for 130 gold pieces
 29495 | Orc:2    | Bought a scroll of magic mapping for 45 gold pieces
 29505 | Orc:2    | Found Ryruniw's Jewellery Shop.
 30227 | D:11     | Reached skill level 7 in Dodging
 30740 | D:11     | Identified the +0 chain mail of the Salmon {+Blink +Inv
                  | rPois Will-}
 31218 | D:12     | You are sucked into a shaft and drop 1 floor!
 31691 | D:12     | Noticed Snorg
 31695 | D:12     | Killed Snorg
 31977 | D:13     | Reached skill level 16 in Fighting
 32049 | D:13     | Reached skill level 8 in Dodging
 32132 | D:13     | Found a gate to the Vaults.
 32194 | D:13     | Identified the +5 mace of Soathe {venom, rElec Dex+4}
 32529 | D:14     | Noticed Louise
 32534 | D:14     | Killed Louise
 32563 | D:14     | Noticed Josephine
 32568 | D:14     | Killed Josephine
 32614 | D:14     | Reached XP level 17. HP: 134/134 MP: 0/0
 32614 | D:14     | Learned a level 7 spell: Storm Form
 32640 | D:14     | Reached skill level 9 in Dodging
 32645 | D:14     | Noticed Nessos
 32648 | D:14     | Killed Nessos
 32713 | D:14     | Found a portal to a secret trove of treasure.
 32759 | D:14     | Identified the +0 buckler "Vayh" {MP+9}
 32910 | D:14     | Found the +4 Cigotuvi's embrace {rMiasma Drain rN+}
 33247 | D:15     | Entered Level 15 of the Dungeon
 33249 | D:15     | Noticed Agnes
 33254 | D:15     | Killed Agnes
 33449 | D:15     | Reached skill level 16 in Shields
 33453 | D:15     | Reached skill level 10 in Dodging
 33523 | D:15     | Reached skill level 17 in Fighting
 33840 | D:15     | Found a staircase to the Depths.
 34003 | D:15     | Identified the +7 plate armour of Leapfrog {rC- Int+4
                  | Slay+3}
 34233 | Orc:2    | Bought a +6 ring of intelligence for 585 gold pieces
 34401 | Lair:3   | Found a staircase to the Snake Pit.
 34594 | Snake:1  | Entered Level 1 of the Snake Pit
 34601 | Snake:1  | Noticed Nikola
 34613 | Lair:3   | Killed Nikola
 34958 | Snake:1  | Reached XP level 18. HP: 138/143 MP: 0/0
 35415 | Snake:2  | Reached skill level 17 in Shields
 35658 | Snake:2  | Reached skill level 18 in Fighting
 36067 | Snake:2  | Identified a scroll of acquirement
 36881 | Snake:3  | Found a shimmering altar of Xom.
 37756 | Snake:4  | Entered Level 4 of the Snake Pit
 38118 | Snake:4  | Reached skill level 18 in Shields
 38217 | Snake:4  | Reached XP level 19. HP: 121/152 MP: 0/0
 38217 | Snake:4  | Learned a level 6 spell: Invisibility
 38235 | Snake:4  | HP: 63/152 [naga sharpshooter/arrow (22)]
 38443 | Snake:4  | Found Tout Yna's Jewellery Boutique.
 38548 | Snake:4  | Reached skill level 19 in Fighting
 38978 | Snake:4  | Noticed Vashnia
 38986 | Snake:4  | Killed Vashnia
 39244 | Snake:4  | Reached skill level 19 in Shields
 39377 | Snake:4  | Got a serpentine rune of Zot
 39984 | Elf:1    | Entered Level 1 of the Elven Halls
 40000 | Orc:2    | Bought a ring of protection from cold for 250 gold pieces
 40395 | Elf:1    | Found Nithem's Book Shoppe.
 40398 | Elf:1    | Found Ciuckoih's Distillery.
 40400 | Elf:1    | Found Jezxuter's Antique Weapon Shoppe.
 40406 | Elf:1    | Bought a potion of heal wounds for 70 gold pieces
 40406 | Elf:1    | Bought a potion of heal wounds for 70 gold pieces
 40557 | Elf:1    | Reached XP level 20. HP: 162/162 MP: 0/0
 40594 | Elf:1    | Reached skill level 20 in Fighting
 41494 | Elf:2    | Paralysed by an air elemental for 1 turns
 41865 | Elf:2    | Found a runed translucent gate.
 41865 | Elf:2    | Found a runed translucent gate.
 41866 | Elf:2    | Found a runed translucent gate.
 42198 | Elf:2    | HP: 72/164 [deep elf blademaster (14)]
 42327 | Elf:2    | HP: 79/164 [+3 vorpal battleaxe (5)]
 42332 | Elf:2    | HP: 27/164 [+3 vorpal battleaxe (20)]
 42820 | Shoals:1 | Entered Level 1 of the Shoals
 42893 | Shoals:1 | Reached skill level 20 in Shields
 43139 | Shoals:1 | Noticed Aizul
 43150 | Shoals:1 | Killed Aizul
 44313 | Shoals:2 | Noticed Kirke
 44401 | Shoals:2 | Killed Kirke
 44899 | Shoals:3 | Reached skill level 21 in Fighting
 44899 | Shoals:3 | Reached XP level 21. HP: 111/171 MP: 0/0
 44899 | Shoals:3 | Learned a level 7 spell: Dragon Form
 44899 | Shoals:3 | HP: 80/171 [alligator snapping turtle (34)]
 44905 | Shoals:3 | HP: 74/171 [merfolk impaler (6)]
 44906 | Shoals:3 | HP: 19/171 [alligator snapping turtle (21)]
 44907 | Shoals:3 | Mangled by an alligator snapping turtle

Vanquished Creatures
  Vashnia (Snake:4)
  Nikola (Lair:3)
  A deep elf blademaster (Elf:2)
  A kraken (Shoals:3)
  Agnes (D:15)
  Kirke (Shoals:2)
  7 nagarajas (Snake:4)
  Aizul (Shoals:1)
  An orc warlord (Orc:2)
  A deep elf sorcerer (Elf:2)
  Louise (D:14)
  Nessos (D:14)
  A deep elf annihilator (Elf:1)
  Snorg (D:12)
  2 merfolk impalers
  2 ettins
  Josephine (D:14)
  7 hydras
  22 naga warriors
  7 boulder beetles
  4 salamander tyrants
  4 merfolk avatars
  2 ogre magi
  8 centaur warriors
  21 dancing weapons
  14 two-headed ogres
  24 anacondas
  13 death yaks
  3 tengu warriors (D:10)
  14 naga sharpshooters
  4 orc high priests (Orc:2)
  4 shock serpents
  12 deep elf knights
  3 soul eaters (D:14)
  A titan skeleton (D:14)
  Sonja (Lair:5)
  3 salamander mystics
  10 sea snakes
  3 deep trolls (D:15)
  6 naga ritualists
  6 deep elf archers
  A wizard (D:15)
  The ghost of NigelTetley the Protected, a novice MiFi of Qazlal (D:7)
  A lindwurm (Lair:3)
  A necromancer (D:15)
  12 deep elf zephyrmancers
  A tengu zombie (D:14)
  9 mana vipers
  5 orc knights
  A sphinx zombie (D:14)
  A golden dragon skeleton (D:14)
  9 harpies
  25 deep elf pyromancers
  Pikel (D:7)
  3 orc sorcerers
  A fire giant zombie (D:14)
  A stone giant zombie (D:14)
  A frost giant zombie (D:14)
  2 fauns (Shoals:2)
  8 ugly things
  4 oklob plants (Lair:2)
  10 manticores
  11 salamanders
  4 cyclopes
  10 water nymphs
  8 guardian serpents
  2 merfolk sirens
  36 black mambas
  Joseph (D:10)
  19 naga magi
  25 elephants
  15 cane toads
  4 rime drakes
  A torpor snail (Lair:5)
  A yaktaur (D:15)
  A kobold demonologist (D:10)
  Maggie (D:7)
  An unseen horror (D:13)
  9 komodo dragons
  A demonic crawler (Lair:6)
  10 trolls
  The ghost of PeterLawrence the Shield-Bearer, an amateur MiFi (D:4)
  3 polar bears
  4 wind drakes
  6 merfolk
  A wind drake (shapeshifter) (D:15)
  A deep troll zombie (D:14)
  2 hornets
  4 dream sheep (Lair:2)
  2 snapping turtles
  2 fire dragon zombies (D:14)
  9 blink frogs
  15 slime creatures
  A vampire (D:12)
  A shadow (D:10)
  12 water elementals
  2 air elementals
  10 wraiths
  69 yaks
  A hog (shapeshifter) (Elf:1)
  9 wyverns
  3 hogs (Shoals:2)
  A human (shapeshifter) (Elf:1)
  3 steam dragons
  4 basilisks
  5 vampire mosquitoes
  3 swamp worms
  3 acid dragons (D:10)
  47 nagas
  6 wargs
  17 water moccasins
  47 orc warriors
  A sky beast (D:6)
  6 black bears
  18 centaurs
  9 ogres
  A lemure (D:7)
  11 wolves
  5 kobold brigands
  19 bullfrogs
  4 earth elementals
  A gnoll sergeant (D:10)
  2 scorpions
  4 wights
  7 killer bees
  7 howler monkeys
  9 centaur zombies
  A hound (D:6)
  22 orc priests
  17 jellies
  A centaur skeleton (D:4)
  Terence (D:3)
  Jessica (D:2)
  3 iguanas
  Ijyb (D:3)
  Natasha (thrice) (D:2)
  21 orc wizards
  6 hell rats (Lair:1)
  7 adders
  A shadow imp (D:6)
  An ufetubus (D:5)
  2 adder skeletons (D:4)
  4 worms
  3 dart slugs
  88 orcs
  9 ball pythons
  7 endoplasms
  9 giant cockroaches
  10 goblins
  5 hobgoblins
  2 jackals (D:1)
  26 kobolds
  5 quokkas
  7 bats
  8 frilled lizards
  7 rats
  3 tentacles (Shoals:3)
1158 creatures vanquished.

Vanquished Creatures (collateral kills)
  36 foxfires
36 creatures vanquished.

Vanquished Creatures (others)
  A black mamba (Snake:1)
  17 ball lightnings
  765 foxfires
  119 fungi
  251 plants
  5 tentacles (Shoals:3)
  6 toadstools (D:7)
1164 creatures vanquished.

Grand Total: 2358 creatures vanquished

Table legend: (Time is in decaauts)
 A = Elapsed time spent in this place.
 B = Non-inter-level travel time spent in this place.
 C = Inter-level travel time spent in this place.
 D = Time resting spent in this place.
 E = Time spent auto-exploring this place.
 F = Levels seen in this place.
 G = Mean time per level.
                   A        B        C        D        E       F      G
               +--------+--------+--------+--------+--------+-----+--------+
         Total |  44939 |  40785 |   4154 |  11272 |  24232 |  35 | 1284.0 |
       Dungeon |  22938 |  20802 |   2136 |   6630 |  11948 |  15 | 1529.2 |
        Temple |    159 |    112 |     47 |      0 |    110 |   1 |  159.0 |
          Lair |   8604 |   7382 |   1222 |   1185 |   5207 |   6 | 1434.0 |
        Shoals |   2089 |   2020 |     69 |    581 |   1176 |   3 |  696.3 |
     Snake Pit |   5186 |   4821 |    365 |   1320 |   2777 |   4 | 1296.5 |
  Orcish Mines |   1289 |   1076 |    213 |     60 |    768 |   2 |  644.5 |
   Elven Halls |   2607 |   2508 |     99 |    471 |   1445 |   2 | 1303.5 |
         Sewer |    646 |    646 |      0 |     42 |    508 |   1 |  646.0 |
        Bailey |   1418 |   1418 |      0 |    983 |    293 |   1 | 1418.0 |
               +--------+--------+--------+--------+--------+-----+--------+

Top non-repeatable levels by time:
     D:9: 3516 daAuts
     D:1: 2323 daAuts
  Lair:4: 2080 daAuts
     D:2: 1937 daAuts
    D:10: 1922 daAuts
 Snake:4: 1909 daAuts
     D:3: 1772 daAuts
     D:7: 1700 daAuts
  Lair:3: 1676 daAuts
 Snake:3: 1672 daAuts
     D:8: 1658 daAuts
     D:6: 1576 daAuts
  Bailey: 1418 daAuts
   Elf:1: 1348 daAuts
  Lair:5: 1318 daAuts
